 Dungeon Crawl Stone Soup version 0.13.1-34-g5444d2b (console) character file.

7111 dragoncity the Cleaver (level 10, 0/78 HPs)
             Began as a Centaur Fighter on Mar 25, 2014.
             Was a Believer of Trog.
             Slain by an unseen horror (8 damage)
             ... on Level 10 of the Dungeon.
             The game lasted 00:26:32 (3891 turns).

dragoncity the Cleaver (Centaur Fighter)            Turns: 3891, Time: 00:26:32

HP   0/78        AC 10     Str 19      XL: 10   Next: 76%
MP   6/6         EV  9     Int 10      God: Trog [**....]
Gold 340         SH  0     Dex  9      Spells:  0 memorised,  9 levels left

Res.Fire  : . . .   See Invis. : .   m - +0 battleaxe
Res.Cold  : . . .   Warding    : .   v - +0 orc chain mail
Life Prot.: . . .   Conserve   : .   (no shield)
Res.Poison: .       Res.Corr.  : .   s - +1 helmet
Res.Elec. : .       Clarity    : .   B - +0 cloak
Sust.Abil.: . .     Spirit.Shd : .   (no gloves)
Res.Mut.  : .       Stasis     : .   (no barding)
Res.Rott. : .       Flight     : .   (no amulet)
Saprovore : . . .                    t - +4 ring of evasion
                                     (no ring)

@: exhausted, very quick, somewhat resistant to hostile enchantments, extremely
unstealthy
A: hooves 3, deformed body, herbivore 1, speed 2, fast metabolism 1, tough skin
3
a: Burn Spellbooks, Berserk, Trog's Hand, Renounce Religion


You were on level 10 of the Dungeon.
You worshipped Trog.
Trog was pleased with you.
You were starving.

You visited 1 branch of the dungeon, and saw 11 of its levels.

You collected 320 gold pieces.

Inventory:

Hand weapons
 j - a +0,+1 dwarven war axe
 m - a +0,+0 battleaxe (weapon)
 F - a +2,+1 whip of electrocution
 H - a +0 blowgun
Armour
 b - a +0 troll hide
 s - a +1 helmet (worn)
 v - a +0 orcish chain mail (worn)
 B - a +0 cloak (worn)
Magical devices
 C - a wand of polymorph (13)
Comestibles
 d - 9 bread rations (quivered)
 L - a meat ration
Scrolls
 a - a scroll of magic mapping
 f - a scroll of amnesia {unknown}
 k - a scroll of fear
 n - a scroll of torment {unknown}
 p - 3 scrolls of fog
 q - 2 scrolls of remove curse
 w - 3 scrolls of teleportation {unknown}
 x - 2 scrolls of recharging
 y - a scroll of enchant weapon I {unknown}
 D - 2 scrolls of random uselessness {unknown}
 J - 3 scrolls of enchant weapon II
 M - a scroll of blinking {unknown}
Jewellery
 c - an uncursed ring of protection from magic {unknown}
 l - an uncursed ring of flight
 t - a +4 ring of evasion (right hand)
Potions
 g - a potion of slowing {unknown}
 i - 2 potions of confusion {unknown}
 o - a potion of restore abilities {unknown}
 r - 2 potions of magic {unknown}
 u - a potion of speed {unknown}
 z - a potion of agility {unknown}
 E - a potion of porridge {unknown}
 G - a potion of flight {unknown}
 K - a potion of degeneration {unknown}
Miscellaneous
 A - a fan of gales


   Skills:
 - Level 3.0 Fighting
 + Level 14.5 Axes
 - Level 2.1 Armour
   Level 2.1 Shields


You had 9 spell levels left.
You didn't know any spells.

Dungeon Overview and Level Annotations

Branches:
Dungeon (11/27)            Temple (0/1) D:6
    Orc: D:6-11        Lair: D:8-13

Altars:
Trog

Annotations:
D:11 Erolcha, Psyche


Innate Abilities, Weirdness & Mutations

You have hooves in place of feet.
Armour fits poorly on your strangely shaped body.
You digest meat inefficiently.
You cover ground very quickly.
You have a fast metabolism.
You have extremely tough skin (AC +3).


Message History

It hits you but does no damage.
You closely miss it. It hits you.
* * * LOW HITPOINT WARNING * * *
It hits you!
* * * LOW HITPOINT WARNING * * *
It hits you but does no damage.
You miss it.
You feel yourself speed up. It hits you.
* * * LOW HITPOINT WARNING * * *
Drink which item? (? for menu, Esc to quit)
Okay, then.
Read which item? (? for menu, Esc to quit)
As you read the scroll of fear, it crumbles to dust.
You assume a fearsome visage.
Nothing appears to happen.
It hits you but does no damage. It hits you but does no damage.
It hits you but does no damage.
You miss it. It hits you!
You die...

ยง# ## .# ### . > ..#
.#. #># #.# #.# #.#
##.### #.# ....
#.#########.# ######
#.....@.....###....###
##########....'......##
#..###.......# #..#
####..... #>.# ###...
#..# ###.. ###..#
c*##.. ......# #.Fu ##.
....## #$. #.


There were no monsters in sight!

Vanquished Creatures
  The ghost of BoredOne the Basher, an experienced GrBe of Trog (D:8)
  An unseen horror (D:11)
  Pikel (D:4)
  A feature mimic (D:9)
  3 trolls
  A two-headed ogre (D:11)
  3 slime creatures (D:11)
  The ghost of
  23184 the Ducker, an average MiDK of Yredelemnul (D:5)
  3 yaks (D:11)
  A hippogriff (D:8)
  A black bear (D:11)
  3 sky beasts
  A yellow wasp (D:11)
  An ice beast (D:6)
  2 centaurs
  A big kobold (D:9)
  A wyvern zombie (D:6)
  A water moccasin (D:6)
  9 killer bees
  5 wights (D:7)
  2 jellies
  2 hounds (D:5)
  A goliath beetle (D:7)
  2 crimson imps
  4 orc priests
  2 scorpions
  Crazy Yiuf (D:3)
  4 worker ants
  4 orc wizards
  A gnoll shaman (D:7)
  2 iguanas (D:8)
  Jessica (D:3)
  A crocodile skeleton (D:6)
  4 gnolls (D:7)
  4 adders
  An inept feature mimic (D:6)
  A giant mite (D:7)
  3 worms
  A giant gecko (D:11)
  21 orcs
  4 hobgoblins
  11 kobolds
  A quokka (D:6)
  8 bats
  4 giant cockroaches
  2 giant newts (D:2)
  3 goblins
  3 rats
  2 ballistomycetes (D:11)
141 creatures vanquished.

Vanquished Creatures (others)
  An adder (D:11)
  A giant spore (D:11)
2 creatures vanquished.

Grand Total: 143 creatures vanquished

Notes
Turn   | Place    | Note
--------------------------------------------------------------
     0 | D:1      | dragoncity, the Centaur Fighter, began the quest for the Orb.
     0 | D:1      | Reached XP level 1. HP: 19/19 MP: 0/0
   248 | D:2      | Reached XP level 2. HP: 26/26 MP: 1/1
   357 | D:3      | Found a bloodstained altar of Trog.
   368 | D:3      | Became a worshipper of Trog the Wrathful
   436 | D:4      | Noticed a slave
   437 | D:4      | Noticed a slave
   442 | D:4      | Noticed Pikel
   492 | D:3      | Noticed an orc priest
   558 | D:3      | Killed an orc priest
   558 | D:3      | Reached XP level 3. HP: 19/33 MP: 2/2
   637 | D:3      | Noticed Jessica
   649 | D:3      | Killed Jessica
   649 | D:3      | Reached skill level 4 in Axes
   649 | D:3      | Reached XP level 4. HP: 29/39 MP: 2/2
   654 | D:3      | Noticed an orc wizard
   665 | D:3      | Killed an orc wizard
   674 | D:3      | Acquired Trog's first power
   798 | D:3      | Noticed Crazy Yiuf
   804 | D:3      | Killed Crazy Yiuf
   804 | D:3      | Reached XP level 5. HP: 45/45 MP: 3/3
  1122 | D:4      | Noticed a slave
  1138 | D:4      | Killed Pikel
  1138 | D:4      | Reached skill level 7 in Axes
  1138 | D:4      | Reached XP level 6. HP: 39/52 MP: 4/4
  1138 | D:4      | Reached XP level 7. HP: 43/58 MP: 4/4
  1268 | D:5      | Entered Level 5 of the Dungeon
  1298 | D:5      | Noticed 23184's ghost (average MiDK)
  1307 | D:5      | Killed 23184's ghost
  1307 | D:5      | Reached skill level 8 in Axes
  1576 | D:6      | Acquired Trog's second power
  1576 | D:6      | Reached XP level 8. HP: 50/66 MP: 5/5
  1582 | D:6      | Reached skill level 9 in Axes
  1903 | D:6      | Found a staircase to the Ecumenical Temple.
  1983 | D:7      | Reached skill level 10 in Axes
  2262 | D:7      | Reached XP level 9. HP: 71/71 MP: 6/6
  2436 | D:7      | Reached skill level 11 in Axes
  2667 | D:8      | Noticed BoredOne's ghost (experienced GrBe)
  2683 | D:8      | Killed BoredOne's ghost
  2683 | D:8      | Reached skill level 12 in Axes
  2887 | D:10     | Entered Level 10 of the Dungeon
  2898 | D:10     | Noticed a hill giant
  3313 | D:9      | Killed a staircase mimic
  3313 | D:9      | Reached skill level 13 in Axes
  3313 | D:9      | Reached XP level 10. HP: 60/78 MP: 6/6
  3550 | D:11     | HP: 5/117 [something (8)]
  3552 | D:11     | Killed an unseen horror
  3618 | D:11     | Noticed Psyche
  3634 | D:11     | Reached skill level 14 in Axes
  3781 | D:11     | Noticed Erolcha
  3891 | D:10     | Slain by an unseen horror

Action                   |  1- 3 |  4- 6 |  7- 9 | 10-12 || total
-------------------------+-------+-------+-------+-------++-------
Melee: Hand axe          |    59 |    38 |   166 |       ||   263
       Unarmed           |       |       |    36 |       ||    36
       War axe           |       |       |   122 |       ||   122
       Battleaxe         |       |       |       |    68 ||    68
Invok: Berserk           |       |     2 |    12 |     6 ||    20
       Trog's Hand       |       |       |    10 |    10 ||    20
Evoke: Wand              |       |       |     6 |     1 ||     7
  Use: Potion            |       |       |     2 |     3 ||     5
       Scroll            |       |       |     8 |     3 ||    11
